 Dungeon Crawl Stone Soup version 0.24.0-123-gd5b16e6ec5 (webtiles) character file.

Game seed: 548524414085043607, levelgen mode: deterministic

422 DungeonDestroyer the Shield-Bearer (level 6, 0/53 HPs)
             Began as a Gnoll Fighter on Jan 2, 2020.
             Killed by nerve-wracking pain
             ... invoked by an orc priest
              (14 damage)
             ... on level 4 of the Dungeon.
             The game lasted 00:06:10 (2543 turns).

DungeonDestroyer the Shield-Bearer (Gnoll Fighter)  Turns: 2543, Time: 00:06:10

Health: 0/53       AC: 16    Str: 20      XL:     6   Next: 95%
Magic:  9/9        EV:  5    Int:  9 (10) God:
Gold:   195        SH: 11    Dex: 13 (15) Spells: 9/9 levels left

rFire    . . .     SeeInvis .   a - +1 war axe
rCold    . . .     Gourm    .   c - +1 shield
rNeg     . . .     Faith    .   l - +0 plate armour
rPois    .         Spirit   .   w - +2 helmet
rElec    .         Reflect  .   (no cloak)
rCorr    .         Harm     .   (no gloves)
MR       .....                  (no boots)
Stlth    ..........             r - amulet of inaccuracy (curse)
HPRegen  0.17/turn              (no ring)
MPRegen  0.11/turn              (no ring)

@: no status effects
A: distributed training, fangs 1, strong nose
a: no special abilities


You were on level 4 of the Dungeon.
You were not hungry.

You visited 1 branch of the dungeon, and saw 4 of its levels.

You collected 195 gold pieces.

Inventory:

Hand Weapons
 a - a +1 war axe (weapon)
 i - a +0 mace
Missiles
 h - 59 stones (quivered)
 j - 76 sling bullets
 k - 18 arrows
 o - 28 bolts
 p - 24 poisoned darts
Armour
 c - a +1 shield (worn)
 l - a +0 plate armour (worn)
 w - a +2 helmet (worn)
Jewellery
 g - an uncursed amulet of the gourmand {unknown}
 r - a cursed amulet of inaccuracy (around neck)
Wands
 m - a wand of digging (5)
Scrolls
 b - 2 scrolls of teleportation
 e - 7 scrolls of identify
 n - a scroll of enchant weapon
 q - a scroll of enchant armour
 s - a scroll of magic mapping {unknown}
 u - a scroll of remove curse
Potions
 d - a potion of might
Comestibles
 f - 9 rations
 t - 12 chunks of flesh


   Skills:
 + Level 6.9 Fighting
 + Level 2.1 Short Blades
 + Level 2.1 Long Blades
 + Level 5.0 Axes
 + Level 2.1 Maces & Flails
 + Level 2.1 Polearms
 + Level 2.1 Staves
 + Level 2.1 Slings
 + Level 2.1 Bows
 + Level 2.1 Crossbows
 + Level 2.1 Throwing
 + Level 6.9 Armour
 + Level 2.1 Dodging
 + Level 2.1 Stealth
 + Level 6.9 Shields
 + Level 2.1 Unarmed Combat
 + Level 2.1 Spellcasting
 + Level 1.7 Conjurations
 + Level 1.7 Hexes
 + Level 1.7 Charms
 + Level 1.7 Summonings
 + Level 1.7 Necromancy
 + Level 1.7 Translocations
 + Level 1.7 Transmutations
 + Level 1.7 Fire Magic
 + Level 1.7 Ice Magic
 + Level 1.7 Air Magic
 + Level 1.7 Earth Magic
 + Level 1.7 Poison Magic
 + Level 2.3 Invocations
 + Level 2.1 Evocations


You had 9 spell levels left.
You didn't know any spells.
Your spell library was empty.

Dungeon Overview and Level Annotations

Branches:
Dungeon (4/15)
 Temple: D:4-7

Altars:
Zin


Innate Abilities, Weirdness & Mutations

Your experience applies equally to all skills.
You have very sharp teeth.
Your uncanny sense of smell can sniff out nearby items.


Message History

You miss the orc priest. Your bite misses the orc priest.
The orc priest is almost dead.
You closely miss something.
The orc priest mumbles some strange prayers to Beogh against you.
You barely resist. Something hits you but does no damage.
You hit the orc priest but do no damage.
You bite the orc priest, but do no damage.
The orc priest is almost dead.
You miss something.
The orc priest calls down the wrath of Beogh upon you.
Beogh smites you!
* * * LOW HITPOINT WARNING * * *
Something hits you but does no damage. You block the orc priest's attack.
Something hits you but does no damage.
Your shield and plate armour prevent you from hitting the orc priest.
The orc priest is almost dead.
You miss something.
The orc priest calls down the wrath of Beogh upon you.
Pain shoots through your body!
You die...

.........#.#..#
รท..........#..#
.......#.###..# . #
.......#..##..# ...#
.......##.##..# ....#
.......##..#..####.....#
##.....###.#..#... ....#
#............#.##.....#
#.....####.....@{....#
#.....# #...#.#o....#
#.....# #...#.#.....#
#.....# ##..#.#<.(..#
#.....# #.>#.#.#...>.
#.....# #..#.#.######
####.. ...#.#.# ##.#.#.#


You could see an orc priest.

Vanquished Creatures
  Sigmund (D:2)
  Jessica (D:2)
  Ijyb (D:3)
  A worker ant (D:4)
  Natasha (thrice) (D:3)
  Robin (D:4)
  3 adders
  An ooze (D:1)
  An adder skeleton (D:4)
  A worm (D:2)
  2 dart slugs
  3 leopard geckos
  An orc (D:4)
  4 ball pythons
  7 bats
  A giant cockroach (D:1)
  8 hobgoblins
  6 kobolds
  2 quokkas
  3 frilled lizards (D:2)
  11 goblins
  6 rats
68 creatures vanquished.

Notes
Turn   | Place    | Note
-------+----------+-------------------------------------------
     0 | D:1      | DungeonDestroyer the Gnoll Fighter began the quest for the
                  | Orb.
     0 | D:1      | Reached XP level 1. HP: 23/23 MP: 1/1
    79 | D:1      | Reached XP level 2. HP: 28/29 MP: 2/2
   558 | D:2      | Reached XP level 3. HP: 35/35 MP: 3/3
   600 | D:2      | Noticed Jessica
   605 | D:2      | Killed Jessica
   605 | D:2      | Reached skill level 1 in Short Blades
   605 | D:2      | Reached skill level 1 in Long Blades
   605 | D:2      | Reached skill level 1 in Maces & Flails
   605 | D:2      | Reached skill level 1 in Polearms
   605 | D:2      | Reached skill level 1 in Staves
   605 | D:2      | Reached skill level 1 in Slings
   605 | D:2      | Reached skill level 1 in Bows
   605 | D:2      | Reached skill level 1 in Crossbows
   605 | D:2      | Reached skill level 1 in Throwing
   605 | D:2      | Reached skill level 1 in Dodging
   605 | D:2      | Reached skill level 1 in Stealth
   605 | D:2      | Reached skill level 1 in Unarmed Combat
   605 | D:2      | Reached skill level 1 in Spellcasting
   605 | D:2      | Reached skill level 1 in Invocations
   605 | D:2      | Reached skill level 1 in Evocations
   707 | D:2      | Noticed Sigmund
   712 | D:2      | Killed Sigmund
   712 | D:2      | Reached skill level 1 in Conjurations
   712 | D:2      | Reached skill level 1 in Hexes
   712 | D:2      | Reached skill level 1 in Charms
   712 | D:2      | Reached skill level 1 in Summonings
   712 | D:2      | Reached skill level 1 in Necromancy
   712 | D:2      | Reached skill level 1 in Translocations
   712 | D:2      | Reached skill level 1 in Transmutations
   712 | D:2      | Reached skill level 1 in Fire Magic
   712 | D:2      | Reached skill level 1 in Ice Magic
   712 | D:2      | Reached skill level 1 in Air Magic
   712 | D:2      | Reached skill level 1 in Earth Magic
   712 | D:2      | Reached skill level 1 in Poison Magic
   712 | D:2      | Reached XP level 4. HP: 34/41 MP: 4/6
   712 | D:2      | Reached XP level 5. HP: 39/47 MP: 4/7
   981 | D:2      | Reached XP level 6. HP: 50/53 MP: 8/8
  1061 | D:2      | Found a glowing silver altar of Zin.
  1444 | D:3      | Noticed Ijyb
  1483 | D:3      | Killed Ijyb
  1724 | D:3      | Noticed Natasha
  1742 | D:3      | Killed Natasha
  1796 | D:3      | Reached skill level 5 in Axes
  1852 | D:3      | Noticed Natasha
  1863 | D:3      | Killed Natasha
  2094 | D:3      | Noticed Natasha
  2104 | D:3      | Killed Natasha
  2394 | D:4      | Noticed Robin
  2415 | D:4      | Killed Robin
  2543 | D:4      | Killed from afar by an orc priest

Levels and vault maps discovered:
D:1:      kilobyte_arrival_exit_the_forest, layout_rooms
D:2:      layout_basic, lemuel_crystal_altar, uniq_jessica, uniq_sigmund
D:3:      layout_basic, kennysheep_cross_bottleneck, uniq_ijyb, uniq_natasha
D:4:      layout_basic, uniq_robin

Skill      XL: |  1  2  3  4  5  6 |
---------------+-------------------+-----
Short Blades   | 1 2 |  2.1
Long Blades    | 1 2 |  2.1
Maces & Flails | 1 2 |  2.1
Polearms       | 1 2 |  2.1
Staves         | 1 2 |  2.1
Slings         | 1 2 |  2.1
Bows           | 1 2 |  2.1
Crossbows      | 1 2 |  2.1
Throwing       | 1 2 |  2.1
Dodging        | 1 2 |  2.1
Stealth        | 1 2 |  2.1
Unarmed Combat | 1 2 |  2.1
Spellcasting   | 1 2 |  2.1
Invocations    | 1 2 |  2.3
Evocations     | 1 2 |  2.1
Conjurations   | 1 |  1.7
Hexes          | 1 |  1.7
Charms         | 1 |  1.7
Summonings     | 1 |  1.7
Necromancy     | 1 |  1.7
Translocations | 1 |  1.7
Transmutations | 1 |  1.7
Fire Magic     | 1 |  1.7
Ice Magic      | 1 |  1.7
Air Magic      | 1 |  1.7
Earth Magic    | 1 |  1.7
Poison Magic   | 1 |  1.7
Axes           | 5 |  5.0
Fighting       | |  6.9
Armour         | |  6.9
Shields        | |  6.9

Action                   |  1- 3 |  4- 6 || total
-------------------------+-------+-------++-------
Melee: War axe           |    44 |   224 ||   268
       Bite              |     6 |    26 ||    32
  Use: Scroll            |     2 |     4 ||     6
       Potion            |       |     6 ||     6
  Eat: Chunk             |       |     6 ||     6
Armor: Scale mail        |    14 |     8 ||    22
       Plate armour      |       |   112 ||   112
Dodge: Dodged            |    16 |    53 ||    69
Block: Shield            |    37 |   135 ||   172
